 Dungeon Crawl Stone Soup version 0.29-a0-330-g52719c12eb (webtiles) character file.

Game seed: 15535396411918908162

69 Crownlay the Digger (level 4, -2/28 HPs)
             Began as an Octopode Earth Elementalist on May 9, 2022.
             Slain by Sigmund
             ... wielding a +0 scythe
              (13 damage)
             ... on level 2 of the Dungeon.
             The game lasted 00:02:47 (1695 turns).

Crownlay the Digger (Octopode Earth Elementalist)   Turns: 1695, Time: 00:02:48

Health: -2/28      AC:  1    Str:  7    XL:     4   Next: 20%
Magic:  4/7        EV: 13    Int: 19    God:
Gold:   33         SH:  0    Dex: 12    Spells: 0/8 levels left

rFire   . . .      SeeInvis .   c - +0 short sword
rCold   . . .      Faith    .   (no shield)
rNeg    . . .      Spirit   .   (helmet restricted)
rPois   .          Reflect  .   (no amulet)
rElec   .          Harm     .   (no ring)
rCorr   .          Rampage  .   (no ring)
Will    .....                   (no ring)
Stlth   +++.......              (no ring)
HPRegen 0.09/turn               (no ring)
MPRegen 0.10/turn               (no ring)
                                (no ring)
                                (no ring)

@: no status effects
A: almost no armour, amphibious, 8 rings, camouflage 1, gelatinous body 1,
(nimble swimmer 1), tentacles
a: no special abilities


You were on level 2 of the Dungeon.
You visited 1 branch of the dungeon, and saw 2 of its levels.

You collected 93 gold pieces.
You spent 60 gold pieces at shops.

Inventory:

Hand Weapons
 c - a +0 short sword (weapon)
Missiles
 a - 36 stones
Scrolls
 e - a scroll of amnesia {unknown}
 f - a scroll of brand weapon {unknown}
 g - a scroll of blinking {unknown}
 i - 2 scrolls of identify {unknown}
 j - a scroll of summoning {unknown}
 k - 2 scrolls of fear
Potions
 b - 2 potions of magic
 d - a potion of lignification {unknown}
 h - 2 potions of ambrosia {unknown}
 l - a potion of might {unknown}
 m - a potion of heal wounds {unknown}


   Skills:
 + Level 1.3 Fighting
 - Level 2.0 Dodging
 - Level 2.6 Stealth
 + Level 2.5 Spellcasting
 + Level 1.3 Conjurations
 - Level 1.0 Transmutations
 * Level 3.9 Earth Magic


You couldn't memorise any spells.
You knew the following spells:

 Your Spells              Type           Power      Damage    Failure   Level
a - Sandblast             Erth           34%        2d9       3%          1
b - Stone Arrow           Conj/Erth      24%        3d8       16%         3
c - Petrify               Tmut/Erth      11%        N/A       50%         4

Your spell library contained the following spells:

 Spells                   Type           Power      Damage    Failure   Level
 Passwall                 Tmut/Erth      9%         N/A       9%          2


Dungeon Overview and Level Annotations

Branches:
Dungeon (2/15)

Altars:
Zin

Shops:
D:2 (*

Annotations:
D:2 Sigmund


Innate Abilities, Weirdness & Mutations

You cannot wear most types of armour.
You are amphibious.
You can wear up to eight rings at the same time.
Your skin changes colour to match your surroundings (Stealth+).
Your rubbery body absorbs attacks. (AC +1, EV +1)
((You are camouflaged when in or above water. (Stealth+)))
You have tentacles for arms and can constrict up to eight enemies at once.


Message History

HP restored.
There is a faded altar of an unknown god here.
i - 2 scrolls labelled QUNOESY QAEVA (gained 1)
You now have enough gold to buy a bubbling pink potion on this level.
You can access your shopping list by pressing '$'.
You now have 19 gold pieces (gained 13).
m - a murky white potion You now have 33 gold pieces (gained 14).
Sigmund is nearby!
No target in view!
Sigmund is nearby!
The blast of sand hits Sigmund!
Sigmund is heavily wounded.
Sigmund shouts!
A ball python comes into view.
The blast of sand misses Sigmund.
Sigmund hits you from afar with a +0 scythe!
Ouch! That really hurt!
You are too injured to fight recklessly!
Casting: Sandblast (safe; 3% risk of failure)
Confirm with . or Enter, or press ? or * to list all spells.
Aiming: Sandblast (safe; 3% risk of failure)
Press: ? - help, Shift-Dir - straight line, f/p - Sigmund
Aim: Sigmund, wielding a +0 scythe and wearing a +0 robe (heavily wounded, 77% to hit)
The blast of sand hits Sigmund!
Sigmund is almost dead.
Sigmund casts a spell.
Sigmund flickers and vanishes!
Deactivating autopickup; reactivate with Ctrl-A.
The ball python misses you. The ball python closely misses you.
The ball python attacks as you move away!
The ball python closely misses you. The ball python barely misses you.
You closely miss the ball python. You grab the ball python.
You constrict the ball python. The ball python bites you.
The ball python barely misses you. The ball python bites you.
The ball python grabs you. The ball python constricts you.
You hit the ball python.
You kill the ball python!
Something hits you!
You die...

# #.##.#.###.......# #.# # #
#.............####.# ######
##.#####.........#.# .....#
#.## #.......#.#.# ####.#
#..# #.......#.#.## ...#.#
##.## #.......#)...# .#.#.#
#..# #.......###..# .#.#.#
##.# #............# .#.#.#
#@###......#####.# .#.#.#
#†#..........# #.# .#.#.#
#####.#.#......#.# #.# .....#
#.......#......#.# #.#
##.###### .#.####.##..#.#.#.#
#.# ........# .#
.......#...#.# #.#
..#####.##.#######.##.....#.#
#.#
.........................<#.#
#.# ..###⌠^⌠...#
#####.#....##.###.#


There were no monsters in sight!

Vanquished Creatures
  Jessica (D:2)
  2 dart slugs
  7 endoplasms
  5 hobgoblins
  3 jackals (D:1)
  2 quokkas (D:1)
  4 ball pythons
  5 bats
  2 frilled lizards (D:1)
  4 kobolds
  A rat (D:1)
36 creatures vanquished.

Notes
Turn   | Place    | Note
-------+----------+-------------------------------------------
     0 | D:1      | Crownlay the Octopode Earth Elementalist began the quest
                  | for the Orb.
     0 | D:1      | Reached XP level 1. HP: 11/11 MP: 3/3
    82 | D:1      | Reached XP level 2. HP: 2/18 MP: 0/5
   506 | D:1      | Reached XP level 3. HP: 18/22 MP: 6/6
   510 | D:1      | Learned a level 3 spell: Stone Arrow
   906 | D:1      | Reached skill level 1 in Fighting
   906 | D:1      | Reached skill level 1 in Conjurations
  1225 | D:2      | Found a glowing silver altar of Zin.
  1295 | D:2      | Noticed Jessica
  1296 | D:2      | Noticed Sigmund
  1301 | D:2      | Killed Jessica
  1302 | D:2      | Reached XP level 4. HP: 28/28 MP: 3/7
  1329 | D:1      | Learned a level 4 spell: Petrify
  1368 | D:2      | Found Vofohu Syrpho's Weapon Shop.
  1371 | D:2      | Found Roaroenn's Assorted Antiques.
  1383 | D:2      | Bought a scroll labelled QUNOESY QAEVA for 20 gold pieces
  1383 | D:2      | Bought a scroll labelled AGEOT SOYJELUN for 20 gold pieces
  1383 | D:2      | Bought a scroll labelled YMYPIHOUWI for 20 gold pieces
  1616 | D:2      | Found a faded altar of an unknown god.
  1695 | D:2      | Slain by Sigmund

Illustrated notes

Levels and vault maps discovered:
D:1:      wander_arrival_peaceful_grave, layout_basic
D:2:      layout_basic, serial_shops, shop_fountains, shop, basic_altar,
          chequers_ecumenical_altar_simple, uniq_sigmund, uniq_jessica

Skill      XL: |  1  2  3 |
---------------+----------+-----
Fighting       | 1 |  1.3
Conjurations   | 1 |  1.3
Dodging        | |  2.0
Stealth        | |  2.6
Spellcasting   | |  2.5
Transmutations | |  1.0
Earth Magic    | |  3.9

Action                   |  1- 3 |  4- 6 || total
-------------------------+-------+-------++-------
Melee: Unarmed           |    11 |       ||    11
       Constrict         |    13 |     3 ||    16
       Tentacles         |    15 |     1 ||    16
       Short sword       |    47 |     7 ||    54
       Punch             |     1 |       ||     1
 Cast: Sandblast         |     9 |     3 ||    12
  Use: Scroll            |       |     1 ||     1
 Stab: Sleeping          |     4 |       ||     4
Armor: Skin              |     6 |       ||     6
Dodge: Dodged            |    49 |     9 ||    58

Table legend: (Time is in decaauts)
 A = Elapsed time spent in this place.
 B = Non-inter-level travel time spent in this place.
 C = Inter-level travel time spent in this place.
 D = Time resting spent in this place.
 E = Time spent auto-exploring this place.
 F = Levels seen in this place.
 G = Mean time per level.
                   A        B        C        D        E       F      G
               +--------+--------+--------+--------+--------+-----+--------+
         Total |   1700 |   1647 |     53 |      0 |   1346 |   2 |  850.0 |
       Dungeon |   1700 |   1647 |     53 |      0 |   1346 |   2 |  850.0 |
               +--------+--------+--------+--------+--------+-----+--------+

Top non-repeatable levels by time:
     D:1: 1102 daAuts
     D:2: 597 daAuts
